AoeStats
← Dino

Baltic

510719671Analyzed
4v4 RM · 2d ago on Oct 2, 2026· 82m 20s· 8 players
Game mode
Random Map
Map size
Large (8 player)
Population
200
Speed
Normal
Resources
Standard
Victory
Conquest
Starting age
Dark Age
Ending age
Imperial Age
RankedLock teamsTeams togetherTeam positionsShared explorationLock speedFull tech treeHidden civsTurbo modeCheats
Victory
Defeat
🇭🇷 Britons · Croatia
985
+13
🇨🇳 Magyars · China
911
+16
🇫🇷 Varangians · France
892
+17
🇳🇴 Dravidians · Norway
812
+20
🇫🇷 Vikings · France
1032
-22
🇨🇳 Turks · China
903
-16
🇮🇳 Maya · India
854
-14
🇦🇷 Chinese · Argentina
843
-14
maxoog93
2:11 Loom
12:59 Feudal Age
13:54 Double-Bit Axe
13:52 Horse Collar
22:01 Castle Age
20:35 Bloodlines
20:39 Forging
21:43 Scale Barding Armor
21:44 Gold Mining
21:47 Stone Mining
24:57 Bow Saw
24:51 Heavy Plow
33:23 Wheelbarrow
32:40 Light Cavalry
33:21 Husbandry
34:23 Hand Cart
35:12 Iron Casting
34:58 Chain Barding Armor
38:38 Imperial Age
36:17 Caravan
38:09 Stone Shaft Mining
38:52 Hussar
38:54 Cavalier
39:59 Conscription
41:15 Blast Furnace
40:51 Plate Barding Armor
41:48 Fletching
43:17 Crop Rotation
43:42 Bodkin Arrow
44:19 Vendel Legacy
51:56 Two-Man Saw
52:01 Elite Jarl
53:56 Ballistics
53:32 Murder Holes
53:19 Treadmill Crane
53:30 Heated Shot
54:41 Chemistry
55:03 Guilds
58:34 Bracer
77:05 Medium Warships
78:11 Heavy Warships
78:23 Shipwright
78:16 Clinker Construction
78:18 Careening
78:15 Siphons
KoN_Air
12:21 Feudal Age
17:51 Double-Bit Axe
21:58 Castle Age
22:22 Stone Mining
22:24 Gold Mining
24:52 Horse Collar
28:03 Loom
28:58 Wheelbarrow
39:43 Town Watch
46:00 Imperial Age
44:25 Hand Cart
44:26 Town Patrol
48:26 Scale Mail Armor
48:37 Forging
52:03 Onager
52:06 Pikeman
52:46 Squires
52:32 Arson
53:12 Bow Saw
53:05 Heavy Plow
53:08 Halberdier
55:45 Two-Man Saw
55:05 Chain Mail Armor
55:26 Iron Casting
54:26 Heavy Scorpion
54:48 Elite Urumi Swordsman
55:58 Wootz Steel
57:31 Conscription
59:18 Blast Furnace
60:35 Plate Mail Armor
61:57 Padded Archer Armor
61:48 Fletching
64:14 Caravan
64:25 Guilds
64:29 Bodkin Arrow
64:49 Leather Archer Armor
64:21 Siege Elephant
65:51 Bracer
66:56 Chemistry
66:17 Ballistics
65:48 Heated Shot
65:53 Murder Holes
66:09 Masonry
66:11 Fortified Wall
65:52 Guard Tower
71:24 Elite Skirmisher
72:37 Siege Onager
79:28 Demolition Ship
80:55 Heavy Demolition Ship
dearnh
11:38 Feudal Age
12:38 Double-Bit Axe
14:46 Loom
15:34 Bloodlines
17:50 Horse Collar
19:47 Scale Barding Armor
23:11 Castle Age
24:41 Chain Barding Armor
25:03 Heavy Plow
26:02 Bow Saw
28:02 Light Cavalry
29:08 Light Cavalry
33:13 Gold Mining
33:14 Stone Mining
33:33 Thumb Ring
33:23 Fletching
33:34 Padded Archer Armor
38:46 Imperial Age
36:35 Corvinian Army
38:28 Gold Shaft Mining
39:33 Wheelbarrow
38:44 Town Watch
40:35 Two-Man Saw
40:07 Crop Rotation
39:04 Heavy Cavalry Archer
40:09 Parthian Tactics
40:48 Conscription
41:24 Leather Archer Armor
41:05 Bodkin Arrow
41:53 Husbandry
42:51 Ballistics
43:31 Chemistry
42:38 Siege Engineers
43:08 Ring Archer Armor
42:43 Bracer
43:15 Recurve Bow
44:13 Hand Cart
43:38 Elite Magyar Huszar
45:18 Plate Barding Armor
52:51 Capped Ram
65:37 Scale Mail Armor
65:22 Treadmill Crane
76:13 Shipwright
76:05 Careening
76:07 Clinker Construction
75:52 Heated Shot
76:17 Masonry
77:29 Medium Warships
76:51 Demolition Ship
Dino
10:15 Feudal Age
10:45 Double-Bit Axe
11:10 Horse Collar
11:25 Loom
12:52 Gold Mining
16:02 Fletching
21:55 Castle Age
21:22 Padded Archer Armor
22:34 Bodkin Arrow
22:00 Crossbowman
23:23 Bow Saw
23:14 Heavy Plow
23:22 Squires
24:35 Leather Archer Armor
26:03 Ballistics
27:15 Wheelbarrow
26:26 Town Watch
30:09 Hand Cart
33:57 Imperial Age
31:46 Town Patrol
33:42 Gold Shaft Mining
32:58 Stone Mining
34:06 Arbalester
35:48 Chemistry
35:55 Two-Man Saw
35:03 Bracer
35:47 Masonry
36:52 Conscription
37:30 Ring Archer Armor
38:11 Architecture
39:24 Coinage
38:24 Capped Ram
43:49 Banking
44:11 Guilds
45:24 Caravan
52:00 Yeomen
52:17 Hoardings
51:43 Warwolf
68:23 Elite Longbowman
68:57 Treadmill Crane
70:21 Scale Mail Armor
70:27 Scale Barding Armor
70:09 Gambesons
69:44 Man-at-Arms
69:45 Pikeman
70:10 Arson
69:48 Elite Skirmisher
69:49 Cranequins
69:49 Heavy Mounted Crossbowman
70:40 Forging
70:37 Siege Engineers
70:28 Murder Holes
70:44 Fortified Wall
70:21 Arrowslits
70:27 Guard Tower
70:48 Clinker Construction
70:48 Careening
70:59 Shipwright
70:44 Siphons
70:30 Heated Shot
70:23 Sappers
71:39 Chain Mail Armor
70:46 Long Swordsman
74:26 Plate Mail Armor
74:32 Iron Casting
74:18 Chain Barding Armor
73:20 Two-Handed Swordsman
73:20 Halberdier
74:40 Keep
78:12 Blast Furnace
78:03 Plate Barding Armor
77:50 Dry Dock
77:50 Carvel Hull
81:30 Husbandry
80:51 Light Cavalry
80:51 Cavalier
Axleaddict
0:35 Loom
13:43 Feudal Age
22:26 Castle Age
20:58 Fletching
21:09 Padded Archer Armor
21:26 Double-Bit Axe
22:47 Elite Skirmisher
35:16 Crossbowman
37:16 Bodkin Arrow
37:37 Leather Archer Armor
38:49 Eagle Warrior
41:08 Scale Mail Armor
41:18 Forging
43:23 Squires
48:07 Wheelbarrow
47:52 Pikeman
52:59 Man-at-Arms
59:35 Imperial Age
59:40 Elite Eagle Warrior
61:13 Chain Mail Armor
62:28 Hand Cart
63:39 Halberdier
Lester
6:59 Loom
9:31 Feudal Age
11:52 Double-Bit Axe
12:38 Horse Collar
20:23 Castle Age
18:36 Gold Mining
18:59 Fishing Lines
26:49 Stone Mining
27:03 Heavy Plow
31:57 Imperial Age
29:43 Town Watch
32:30 Fletching
33:11 Bodkin Arrow
34:21 Forging
34:13 Scale Mail Armor
34:14 Bracer
35:49 Chemistry
35:01 Masonry
36:44 Chain Mail Armor
37:08 Iron Casting
37:18 Elite Berserk
38:45 Plate Mail Armor
40:19 Blast Furnace
39:27 Squires
44:47 Hoardings
44:39 Conscription
45:36 Elite Longship
50:12 Gold Shaft Mining
72:19 Coinage
74:43 Bow Saw
76:59 Ballistics
76561199184427487
11:50 Feudal Age
13:28 Double-Bit Axe
14:02 Fishing Lines
19:12 Castle Age
20:57 Bow Saw
20:42 Gillnets
20:54 Horse Collar
23:34 Gold Mining
24:26 Wheelbarrow
23:59 Heavy Plow
27:07 Imperial Age
25:04 Ballistics
24:48 Padded Archer Armor
24:38 Fletching
26:25 Hand Cart
27:27 Gold Shaft Mining
26:42 Stone Mining
29:23 Stone Shaft Mining
29:51 Two-Man Saw
31:53 Town Watch
31:53 Loom
34:22 Leather Archer Armor
34:02 Bodkin Arrow
37:28 Elite Chu Ko Nu
38:44 Ring Archer Armor
38:15 Bracer
39:46 Conscription
39:49 Cavalier
40:30 Husbandry
40:41 Scale Barding Armor
40:37 Scale Mail Armor
40:47 Forging
41:42 Chemistry
42:45 Chain Barding Armor
45:20 Plate Barding Armor
45:20 Iron Casting
56:09 Blast Furnace
60:54 Light Cavalry
61:45 Bloodlines
gongyi528
Connection lost

Rejoining the realm…

Still unreachable

The connection could not be restored.

Session expired

The server has moved on; the page needs a fresh start.